 Dungeon Crawl Stone Soup version 0.29-a0-334-gb41bcbb86e (webtiles) character file.

Game seed: 13671867063486803279

823 croobank the Covered (level 8, -5/61 HPs)
             Began as a Human Fighter on Apr 14, 2022.
             Slain by a gnoll
             ... wielding a +0 spear
              (6 damage)
             ... on level 5 of the Dungeon.
             The game lasted 00:15:23 (5166 turns).

croobank the Covered (Human Fighter)                Turns: 5166, Time: 00:15:23

Health: -5/61      AC:  8    Str: 25    XL:     8   Next: 17%
Magic:  8/10       EV: 10    Int: 13    God:
Gold:   123        SH:  5    Dex: 13    Spells: 2/10 levels left

rFire   . . .      SeeInvis .   a - +1 war axe
rCold   . . .      Faith    .   c - +0 buckler
rNeg    . . .      Spirit   .   y - +0 leather armour
rPois   .          Reflect  .   m - +0 helmet
rElec   .          Harm     .   (no cloak)
rCorr   .          Rampage  .   g - +1 pair of gloves {Str+3}
Will    .....                   s - +0 pair of boots
Stlth   +.........              (no amulet)
HPRegen 0.20/turn               i - ring "Siukk" {Wiz Str+4 Int+4}
MPRegen 0.12/turn               (no ring)

@: mighty, hasted, very quick
A: no striking features
a: no special abilities


You were on level 5 of the Dungeon.
You visited 1 branch of the dungeon, and saw 5 of its levels.

You collected 123 gold pieces.

Inventory:

Hand Weapons
 a - a +1 war axe (weapon)
 b - a +0 hunting sling
 j - a +1 dagger of venom
Missiles
 e - 3 poisoned darts
 q - 151 stones
Armour
 c - a +0 buckler (worn)
 g - a +1 pair of gloves of strength (worn)
 m - a +0 helmet (worn)
 n - a +0 scale mail
 s - a +0 pair of boots (worn)
 y - a +0 leather armour (worn)
Jewellery
 i - the ring "Siukk" (left hand) {Wiz Str+4 Int+4}
   (You found it on level 2 of the Dungeon)

   [ring of wizardry]

   It improves your spell success rate.
   Str:       It affects your strength (+4).
   Int:       It affects your intelligence (+4).
Wands
 k - a wand of flame (7)
Scrolls
 f - 2 scrolls of enchant armour
 p - 2 scrolls of summoning {unknown}
 r - a scroll of immolation {unknown}
 u - a scroll of brand weapon {unknown}
 w - a scroll of blinking {unknown}
 z - 2 scrolls of teleportation {unknown}
 A - a scroll of silence {unknown}
Potions
 d - 2 potions of haste
 h - 2 potions of curing
 o - a potion of might
 v - a potion of mutation
 x - a potion of flight


   Skills:
 + Level 4.9 Fighting
 + Level 4.4 Axes
 + Level 5.0 Armour
 + Level 4.9 Shields
 + Level 1.6 Spellcasting
 + Level 1.8 Fire Magic


You had 2 spell levels left.
You knew the following spells:

 Your Spells              Type           Power      Damage    Failure   Level
a - Slow                  Hex            4%         N/A       16%         1
b - Sticky Flame          Conj/Fire      3%         2d3       67%         4
c - Confusing Touch       Hex            1%         N/A       41%         3

Your spell library contained the following spells:

 Spells                   Type           Power      Damage    Failure   Level
 Conjure Flame            Conj/Fire      3%         6-21      30%         3
 Ignite Poison            Fire/Tmut/Pois 2%         N/A       32%         3
 Portal Projectile        Hex/Tloc       2%         N/A       41%         3
 Vampiric Draining        Necr           1%         2d6       41%         3
 Blade Hands              Tmut           0%         N/A       98%         5
 Excruciating Wounds      Necr           0%         N/A       98%         5


Dungeon Overview and Level Annotations

Branches:
Dungeon (5/15)
 Temple: D:4-7

Altars:
Nemelex Xobeh
Okawaru
Vehumet

Shops:
D:1 *   D:4 *


Message History

The ufetubus closely misses the gnoll.
The iguana bites you.
The gnoll shaman hits you with a +0 club!
The gnoll barely misses you. The gnoll hits you with a +0 spear.
You hit the gnoll.
The gnoll is moderately wounded.
You slash the iguana! You barely miss the gnoll shaman. You slash the ufetubus!
You kill the ufetubus!
The gnoll barely misses you. The iguana barely misses you.
The gnoll shaman closely misses you.
The gnoll hits you from afar with a +0 spear.
The gnoll barely misses you.
You hit the gnoll but do no damage.
The gnoll is moderately wounded.
You slash the iguana!
You kill the iguana!
You hit the gnoll shaman. The gnoll hits you but does no damage.
The gnoll shaman closely misses you.
The gnoll hits you from afar with a +0 spear.
* * * LOW HITPOINT WARNING * * *
The gnoll hits you with a +0 spear!
* * * LOW HITPOINT WARNING * * *
As you read the scroll labelled KAEQIX TEIL, it crumbles to dust.
It is a scroll of enchant armour.
Your +0 pair of gloves of strength glows green for a moment.
You block the gnoll's attack. You block the gnoll shaman's attack.
You block the gnoll's attack.
You feel yourself speed up. The gnoll hits you with a +0 spear.
* * * LOW HITPOINT WARNING * * *
You block the gnoll shaman's attack. The gnoll hits you but does no damage.
The gnoll closely misses you.
You feel very mighty all of a sudden. The gnoll hits you but does no damage.
The gnoll shaman hits you with a +0 club.
* * * LOW HITPOINT WARNING * * *
The gnoll hits you with a +0 spear.
* * * LOW HITPOINT WARNING * * *
Okay, then.
The gnoll shaman closely misses you.
The gnoll hits you from afar with a +0 spear.
You die...

.... . ..... #....
.#....## ..... .#.....##
#. .....##.......# ..
..............# #.
.........?....####.####
).....g†.......##.....#
......g...##..# #.....##
......)g@....#####.....#
..............#.#.....##
.......................#
#####.................##
####. ###..##..#........#
....# ##..###.##.##.....##
.... ##...#.......†......#
#.#
#.####........###.###...##
..## #.............# #.#
#....##


You could see a gnoll shaman and 2 gnolls.

Vanquished Creatures
  A black bear (D:4)
  3 scorpions
  A necrophage (D:5)
  2 hounds (D:4)
  5 iguanas
  A gnoll shaman (D:4)
  Robin (D:2)
  6 gnolls
  7 adders
  An ufetubus (D:5)
  7 worms
  4 dart slugs
  6 orcs
  6 ball pythons
  7 bats
  9 endoplasms
  7 giant cockroaches
  16 goblins
  10 hobgoblins
  6 kobolds
  3 quokkas
  5 frilled lizards
  5 rats
119 creatures vanquished.

Vanquished Creatures (others)
  2 fungi (D:1)
  A plant (D:1)
3 creatures vanquished.

Grand Total: 122 creatures vanquished

Notes
Turn   | Place    | Note
-------+----------+-------------------------------------------
     0 | D:1      | croobank the Human Fighter began the quest for the Orb.
     0 | D:1      | Reached XP level 1. HP: 18/18 MP: 1/1
   160 | D:1      | Reached XP level 2. HP: 6/24 MP: 2/2
   522 | D:1      | Found a faded altar of an unknown god.
   547 | D:1      | Found Zuxyptiniv's Assorted Antiques.
   647 | D:1      | Reached XP level 3. HP: 25/29 MP: 3/3
  1432 | D:2      | Identified the ring "Siukk" {Wiz Str+4 Int+4}
  1582 | D:2      | Reached XP level 4. HP: 33/35 MP: 4/4
  1594 | D:2      | Noticed Robin
  1783 | D:2      | Killed Robin
  1801 | D:2      | Learned a level 1 spell: Slow
  2161 | D:2      | Reached XP level 5. HP: 42/42 MP: 5/5
  2535 | D:3      | Found a sparkling altar of Nemelex Xobeh.
  2936 | D:4      | Reached skill level 4 in Armour
  3025 | D:4      | Found Arupyvor's Elemental Accessories.
  3047 | D:4      | Reached XP level 6. HP: 29/48 MP: 3/6
  3533 | D:4      | Reached XP level 7. HP: 20/55 MP: 7/7
  3763 | D:4      | Learned a level 4 spell: Sticky Flame
  3882 | D:4      | Found a radiant altar of Vehumet.
  4247 | D:4      | Identified the +2 robe of Valiance {Int+4 Stlth+}
  4276 | D:4      | Reached skill level 1 in Spellcasting
  4276 | D:4      | Reached skill level 1 in Fire Magic
  4619 | D:4      | Learned a level 3 spell: Confusing Touch
  4909 | D:5      | Entered Level 5 of the Dungeon
  4922 | D:5      | Reached XP level 8. HP: 59/61 MP: 5/10
  5024 | D:5      | Found an iron altar of Okawaru.
  5155 | D:5      | Reached skill level 5 in Armour
  5165 | D:5      | HP: 1/61 [gnoll/+0 spear (6)]
  5166 | D:5      | Slain by a gnoll

Illustrated notes

Levels and vault maps discovered:
D:1:      dpeg_arrival_brainrot, layout_basic, serial_shops, nicolae_shop_stone,
          shapermc_ecumenical_altar_gd
D:2:      layout_basic, minmay_large_rounded_square, minmay_misc_feat_cross,
          uniq_robin
D:3:      layout_rooms, nicolae_overflow_crystal_walls,
          minmay_stone_trees_medium, mrwooster_statue_mirror
D:4:      minmay_recursive_quarters, layout_basic, mainiacjoe_overflow_alcove_1,
          amethyst_killhole, nicolae_elemental_shop
D:5:      layout_cave_pools, lemuel_doored_altar,
          mainiacjoe_overflow_cross_hatched, mainiacjoe_overflow_swirl

Skill      XL: |  1  2  3  4  5  6  7  8 |
---------------+-------------------------+-----
Axes           | 3 4 |  4.4
Fighting       | 4 |  4.9
Armour         | 4 5 |  5.0
Shields        | 4 |  4.9
Spellcasting   | 1 |  1.6
Fire Magic     | 1 |  1.8

Action                   |  1- 3 |  4- 6 |  7- 9 || total
-------------------------+-------+-------+-------++-------
Melee: War axe           |    93 |   164 |    81 ||   338
 Cast: Slow              |       |    10 |     3 ||    13
       Confusing Touch   |       |       |     4 ||     4
Evoke: Wand              |       |     2 |     1 ||     3
  Use: Potion            |     1 |       |     2 ||     3
       Scroll            |     4 |       |     6 ||    10
 Stab: Sleeping          |       |       |     1 ||     1
       Confused          |       |       |     2 ||     2
Armor: Scale mail        |    68 |    70 |       ||   138
       Leather armour    |       |       |    46 ||    46
Dodge: Dodged            |    58 |    85 |    50 ||   193
Block: Buckler           |    29 |    46 |    26 ||   101

Table legend: (Time is in decaauts)
 A = Elapsed time spent in this place.
 B = Non-inter-level travel time spent in this place.
 C = Inter-level travel time spent in this place.
 D = Time resting spent in this place.
 E = Time spent auto-exploring this place.
 F = Levels seen in this place.
 G = Mean time per level.
                   A        B        C        D        E       F      G
               +--------+--------+--------+--------+--------+-----+--------+
         Total |   5297 |   5156 |    141 |    875 |   3125 |   5 | 1059.4 |
       Dungeon |   5297 |   5156 |    141 |    875 |   3125 |   5 | 1059.4 |
               +--------+--------+--------+--------+--------+-----+--------+

Top non-repeatable levels by time:
     D:4: 1836 daAuts
     D:1: 1520 daAuts
     D:2: 952 daAuts
     D:3: 721 daAuts
     D:5: 266 daAuts
